[Event "3rd elllobregat Open 2022"]
[Site "Baix Llobregat"]
[Date "2022.11.30"]
[Round "1.6"]
[White "Valmana Canto, Jaime"]
[Black "Alekseenko, Kirill"]
[Result "0-1"]
[ECO "B69"]
[WhiteElo "2358"]
[BlackElo "2687"]
[Annotator "TA"]
[PlyCount "88"]
[EventDate "2022.11.30"]
[EventType "swiss"]
[EventCountry "ESP"]
[SourceTitle "playchess.com"]
[Source "ChessBase"]
[SourceQuality "1"]
[TimeControl "40/5400+30:1800+30"]

1. e4 c5 2. Nf3 Nc6 3. d4 cxd4 4. Nxd4 Nf6 5. Nc3 d6 6. Bg5 e6 7. Qd2 a6 8. O-O-O Bd7 9. f4 Be7 10. Nf3 b5 11. Bxf6 gxf6 12. Kb1 Qb6 13. Bd3 (13. f5 {is interesting.} O-O-O 14. g3 Kb8 15. Bh3) 13... O-O-O {[%emt 0:04:59] B69: Sicilian: Richter-Rauzer: 7...a6 8 0-0-0 Bd7 9 f4 Be7 10 Nf3 b5 11 Bxf6.} 14. Rhe1 Kb8 15. Ne2 Rc8 {[%emt 0:00:00] [#] White has an edge.} 16. c3 $146 (16. f5 $14) ({Predecessor:} 16. f5 Rc7 17. Qh6 Bc8 18. Qg7 Rf8 19. Qxh7 Nb4 20. Nc1 Bb7 21. c3 Nxd3 22. Nxd3 {½-½ (53) Firman,N (2476)-Timoshenko,I (2263) Alushta 2001}) 16... Na5 17. Nfd4 Rhd8 18. f5 e5 {[%emt 0:00:00] Inhibits Nf4.} 19. Nc2 Bc6 20. Qe3 {[%emt 0:21:56] Against d5} Qb7 21. Nb4 Nc4 (21... d5 $14) 22. Bxc4 $16 bxc4 23. Ng3 d5 24. exd5 Ba4 25. Nc6+ Bxc6 26. dxc6 Qxc6 27. Ne4 a5 28. Kc1 Kb7 29. Qf3 (29. Qe2 {looks sharper.} a4 30. Kc2 Rxd1 31. Rxd1 Ka7 32. a3) 29... Ka6 30. Rxd8 Rxd8 31. Rd1 Rxd1+ 32. Kxd1 {[%emt 0:00:08][%mdl 4096] Endgame KQB-KQN} Qa4+ 33. Ke2 (33. Kc1 $16) 33... Qb5 (33... Qxa2 $14 34. Nd2 Ka7) 34. Nd2 {[%emt 0:00:00][%cal Oa2a4] And now a4! would win.} Ka7 {[%emt 0:01:17] Prevents a4.} 35. Qe4 Qxb2 36. Qxc4 Qb7 37. Ne4 ({Better is} 37. Qxf7 Qxg2+ 38. Kd1 Qh1+ 39. Kc2) 37... Bd8 38. Kf3 Qd7 39. Ke2 (39. Kg4 $16) 39... Qxf5 40. Qxf7+ Kb8 41. Qb3+ (41. Qd5 $5 Bb6 42. Kd2 $14) 41... Ka7 42. Nd6 {[%emt 0:02:30][%csl Gd6][%cal Rb3b7] [#]} Qg4+ 43. Kf1 Qf4+ 44. Ke1 $2 (44. Ke2 $11 Qg4+ 45. Kf1 Qf4+ 46. Ke2 Qg4+) 44... Qe3+ {[%emt 0:03:04] What a bad dream for White.   Weighted Error Value: White=0.31/Black=0.17 (very precise)} (44... Qxh2 $2 45. Qb7#) 0-1

[Event "3rd elllobregat Open 2022"]
[Site "Baix Llobregat"]
[Date "2022.11.30"]
[Round "1.6"]
[White "Pourkashiyan, Atousa"]
[Black "Karthikeyan, Murali"]
[Result "0-1"]
[ECO "B45"]
[WhiteElo "2322"]
[BlackElo "2623"]
[Annotator "TA"]
[PlyCount "84"]
[EventDate "2022.11.30"]
[EventType "swiss"]
[EventCountry "ESP"]
[SourceTitle "playchess.com"]
[Source "ChessBase"]
[SourceQuality "1"]
[TimeControl "40/5400+30:1800+30"]

1. e4 c5 2. Nf3 Nc6 3. d4 cxd4 4. Nxd4 Nf6 5. Nc3 e6 6. Ndb5 Bc5 7. Nd6+ {[%emt 0:03:58] B45: Sicilian Four Knights.} Ke7 $1 8. Nxc8+ Rxc8 9. Be2 {[%emt 0:01:17] The position is equal.} ({Don't go for} 9. Bg5 $2 Qb6 10. Qd2 {[#]} Bxf2+ $1 11. Kd1 (11. Qxf2 $2 Qxb2 12. Rb1 Qxc3+ 13. Qd2 Qxd2+ 14. Kxd2 Rc7 $19) 11... h6 12. Bxf6+ gxf6 $19) 9... Qc7 10. O-O h5 (10... Rhd8 {simplifies} 11. Bd3 Kf8 12. Bg5 Be7) 11. Bg5 Kf8 12. Bxf6 (12. Nb5 {looks sharper.} Qe5 13. Bxf6 gxf6 14. c3) 12... gxf6 13. Kh1 a6 14. f4 (14. Qd2 {simplifies} Qd6 15. Rad1 Qxd2 16. Rxd2 Ke7 17. Nb1) 14... Be3 {[%emt 0:07:03] [#]} 15. f5 $146 (15. g3 $11 {remains equal.}) ({Predecessor:} 15. e5 fxe5 16. f5 h4 17. Bd3 Qd8 18. Be4 Nd4 19. fxe6 dxe6 20. Bxb7 Rb8 21. Be4 Rxb2 {0-1 (40) Eswaran,A (2244)-Vokhidov,S (2529) Chess.com INT 2020}) 15... Ke7 16. Qe1 Bf4 ({Black should play} 16... Ne5 $15) 17. Qh4 (17. Qf2 $11 Be5 18. Rad1) 17... Bg5 $1 $15 18. Qf2 {[%emt 0:01:13] [#] Strongly threatening h4.} h4 $1 19. Qc5+ Qd6 20. Qxd6+ Kxd6 21. Rad1+ Ke7 22. Na4 {[%emt 0:04:41] White is now going downhill.} (22. Nb1 $15) 22... Ne5 23. c4 (23. Nc3 {keeps fighting.}) 23... Nxc4 24. Bxc4 Rxc4 25. Rxd7+ (25. Nb6 $142 Rc7 26. Rd3) 25... Kxd7 $19 26. Nb6+ Ke7 27. Nxc4 {[%emt 0:00:03][%mdl 4096] Endgame KRB-KRN} Rc8 28. Na5 b6 29. Nb3 Rc2 30. Rb1 e5 31. h3 Re2 32. Kg1 Be3+ (32... Rxe4 $2 {is the wrong capture.} 33. a3 $19) 33. Kh1 a5 {[%emt 0:04:00][%cal Ba6a5,Ba5b4][%mdl 32] White must now prevent ...a4.} 34. a4 Bf2 35. Na1 Rxe4 36. b3 Re2 {[%emt 0:00:29] Prevents Nc2.} 37. b4 axb4 38. Nb3 e4 39. a5 bxa5 40. Nxa5 Kd6 {[%emt 0:00:00] ...e3 is the strong threat.} 41. g4 hxg3 {[%emt 0:00:59] ( -> ...Bd4)} 42. h4 Bd4 {[%emt 0:00:21] Weighted Error Value: White=0.72/Black=0.16 (very precise)} 0-1

[Event "3rd elllobregat Open 2022"]
[Site "Baix Llobregat"]
[Date "2022.11.30"]
[Round "1.7"]
[White "Santos Latasa, Jaime"]
[Black "Aarav Dengla"]
[Result "1-0"]
[ECO "D27"]
[WhiteElo "2665"]
[BlackElo "2357"]
[Annotator "TA"]
[PlyCount "99"]
[EventDate "2022.11.30"]
[EventType "swiss"]
[EventCountry "ESP"]
[SourceTitle "playchess.com"]
[Source "ChessBase"]
[SourceQuality "1"]
[TimeControl "40/5400+30:1800+30"]

1. d4 d5 2. c4 dxc4 3. e3 e6 4. Bxc4 c5 5. Nf3 Nf6 6. O-O a6 7. Nbd2 Nc6 {[%emt 0:01:19][%cal Rc5d4] D27: Queen's Gambit Accepted: Classical main line: 7 e4!? and 7 a4.} 8. dxc5 Bxc5 9. a3 b5 {[%emt 0:01:05] The position is equal.} 10. Be2 Bb7 {[%emt 0:02:18] [#]} 11. a4 $146 ({Predecessor:} 11. b4 Be7 12. Bb2 O-O 13. Nb3 a5 14. Nc5 Bxc5 15. bxc5 Qxd1 16. Rfxd1 b4 17. axb4 axb4 {½-½ (41) Ding,L (2791)-Yu,Y (2709) chess24.com INT 2020}) 11... Qb6 12. axb5 axb5 13. Rxa8+ Bxa8 14. Nb3 O-O 15. Nxc5 Qxc5 16. Qd3 b4 17. Bd2 Rd8 18. Rc1 Qb6 19. Qc4 Bb7 20. Be1 Rc8 21. Qb5 Qxb5 22. Bxb5 Na7 {[%emt 0:11:22] Black is on the road to losing.} (22... Nd5 $14) 23. Rxc8+ $16 Bxc8 24. Ba4 Nd5 25. Nd4 Bb7 26. Bd2 e5 27. Nf5 Nc8 28. Bb3 e4 29. Nd4 {[%emt 0:02:42] White is more active.} Ncb6 30. Nc2 Ba6 31. Nxb4 Nxb4 32. Bxb4 {[%emt 0:00:00][%mdl 4096] Endgame KBB-KBN} Bc4 33. Bc2 f5 34. f3 Nd5 (34... Bd5 $16 35. g4 g6) 35. Bc5 $18 exf3 36. gxf3 f4 {[%emt 0:00:39] [#]} 37. e4 Nc7 38. Kf2 {[%emt 0:01:01] And now Bd6 would win.} Kf7 (38... g5 $142 39. Bd6 Nb5) 39. Bd6 Ne6 40. h4 g6 41. b3 Bb5 42. b4 h6 $2 (42... Ke8 43. Bb3 Kd7) 43. Bb3 g5 (43... Kf6 44. Bd5 Bd3 45. e5+ Kf7) 44. h5 {[%emt 0:02:35] White is clearly winning.} Kf6 45. e5+ Kf7 46. Bd5 Bd7 47. Bc4 {[%emt 0:00:00] [#] Black must now prevent b5. This pair of bishops is nice.} Ke8 48. b5 {[%emt 0:00:00][%cal Bb4b5,Bb5b6][%mdl 32] Strongly threatening b6.} Nd4 49. b6 {[%emt 0:00:38] Threatening mate with b7.} Bc6 {[%emt 0:01:43] Prevents b7.} 50. Bc5 {[%emt 0:00:00] Weighted Error Value: White=0.11 (very precise) /Black=0.31} 1-0

[Event "3rd elllobregat Open 2022"]
[Site "Baix Llobregat"]
[Date "2022.11.30"]
[Round "1.7"]
[White "Puranik, Abhimanyu"]
[Black "Habans Aguerrea, Javier"]
[Result "0-1"]
[ECO "A13"]
[WhiteElo "2620"]
[BlackElo "2321"]
[Annotator "TA"]
[PlyCount "96"]
[EventDate "2022.11.30"]
[EventType "swiss"]
[EventCountry "ESP"]
[SourceTitle "playchess.com"]
[Source "ChessBase"]
[SourceQuality "1"]
[TimeControl "40/5400+30:1800+30"]

1. c4 e6 2. Nf3 d5 3. b3 Nf6 4. Bb2 c5 5. cxd5 exd5 6. g3 {[%emt 0:00:44] A13: English Opening: 1...e6.} Nc6 7. Bg2 d4 8. O-O {[%emt 0:01:34] The position is equal.} Be7 9. d3 ({Better is} 9. Na3 $11) 9... O-O 10. Nbd2 Be6 11. a3 {[%emt 0:03:09] [#]} a5 $146 {[%emt 0:02:12] Black is more active.} ({Predecessor:} 11... Rc8 12. Rc1 Nd5 13. Re1 b6 14. e3 dxe3 15. fxe3 Bf6 16. d4 cxd4 17. exd4 g6 {0-1 (38) Jambresic,F (2030)-Tica,S (2442) Sv Filip i Jakov 2018}) 12. Rc1 Rc8 13. Re1 Re8 14. Qc2 (14. e3 $5) 14... h6 15. Qb1 Nd5 16. e3 dxe3 17. fxe3 Nf6 18. Bxf6 gxf6 (18... Bxf6 $15 19. Rxc5 b6) 19. Ne4 Qb6 20. Qa1 Kg7 21. Nfd2 (21. Rxc5 $5 Bxc5 22. Qxf6+ Kh7 23. Nfg5+ hxg5 24. Qxg5 $11) 21... Ne5 22. Nc4 Bxc4 ({But not} 22... Qxb3 23. Nxe5 (23. Nxa5 Qa4 $17) 23... fxe5 24. Rb1 $16 (24. Qxe5+ f6 $16)) 23. bxc4 Nxd3 24. Rb1 Qe6 25. Red1 ({White should try} 25. Rf1 $1 $15) 25... Ne5 $17 26. Rxb7 Rb8 (26... Nxc4 $142 27. Qc3 Ne5) 27. Rxb8 Rxb8 28. Rc1 (28. Nd2 $17) 28... f5 29. Bh3 Bf6 $36 {[%emt 0:02:40][%mdl 2048] White is under strong pressure.} 30. Nxf6 Qxf6 31. Rf1 $2 {[%emt 0:09:35] [#] White does not recover from this.} (31. Rb1 $17) 31... Nf3+ $1 $19 32. Kh1 {[%emt 0:00:06] And now Qxf6+ would win.} Qxa1 33. Rxa1 {[%emt 0:00:01][%mdl 4096] Endgame KRB-KRN} Rb2 34. Bg2 Ne5 35. Bd5 Ng4 36. Kg1 Nxe3 ({Worse is} 36... Rxh2 37. Bg2 $19) 37. Re1 {[%emt 0:00:03] [#]} Rb3 38. a4 Kf6 39. Kf2 {[%emt 0:02:38] [#]} Ng4+ 40. Kg1 Ne5 41. Ra1 Rb4 42. Kf2 Nxc4 43. Rc1 Ne5 {[%emt 0:01:24] Strongly threatening ...Nd3+.} 44. Ke3 {[%emt 0:00:32] Prevents Nd3.} c4 (44... Rxa4 $2 {loses.} 45. Rxc5 Ng4+ 46. Ke2 $19) 45. Kd4 Rxa4 46. Rb1 $2 (46. Rf1) 46... Rb4 {[%emt 0:00:22] Black is clearly winning.} 47. Ra1 a4 48. Ra3 Rb3 {[%emt 0:02:57] Weighted Error Value: White=0.30/Black=0.12 (very precise)} 0-1

[Event "3rd elllobregat Open 2022"]
[Site "Baix Llobregat"]
[Date "2022.11.30"]
[Round "1.8"]
[White "Gungl, Theo"]
[Black "Aryan Chopra"]
[Result "1/2-1/2"]
[ECO "E52"]
[WhiteElo "2352"]
[BlackElo "2629"]
[Annotator "TA"]
[PlyCount "70"]
[EventDate "2022.11.30"]
[EventType "swiss"]
[EventCountry "ESP"]
[SourceTitle "playchess.com"]
[Source "ChessBase"]
[SourceQuality "1"]
[TimeControl "40/5400+30:1800+30"]

1. d4 Nf6 2. c4 e6 3. Nc3 d5 4. Nf3 Bb4 5. e3 O-O 6. Bd2 b6 7. cxd5 exd5 8. Bd3 Bb7 9. O-O Bd6 {[%emt 0:00:30] is the new trend.} 10. Qb1 {[%emt 0:00:30] E52: Nimzo-Indian: Rubinstein: 4...0-0 5 Nf3 d5 6 Bd3 b6.} Re8 11. b4 a6 12. a4 {[%emt 0:00:30] The position is equal.} Nbd7 13. b5 a5 14. Qb3 {[%emt 0:00:30] [#]} Ne4 $146 ({Predecessor:} 14... h6 15. Kh1 Bb4 16. Ne1 Rc8 17. Be2 c6 18. bxc6 Rxc6 19. Bb5 Rc7 20. Rc1 Bc6 {½-½ (40) Lange,S-Muller,H DESC email 2013}) 15. Bc1 ({But not} 15. Nxd5 Ndc5 $1 16. dxc5 Nxc5 $17) 15... Re6 16. Ba3 ({And not} 16. Nxd5 Ndc5 $1 17. dxc5 Nxc5 $17) 16... Bxa3 17. Qxa3 Rc8 18. Rac1 (18. Rfb1 {feels hotter.} Rg6 19. Ne2 c5 20. bxc6 Rgxc6 21. h3) 18... Nf8 (18... c5 $11) 19. Rc2 ({White should try} 19. Ne5 $16) 19... c5 $11 20. bxc6 Rexc6 21. Rfc1 Ng6 22. Qb3 Nxc3 23. Rxc3 Qd6 24. Bb5 R6c7 25. g3 Kf8 (25... Rxc3 {simplifies} 26. Rxc3 Rxc3 27. Qxc3 Ne7) 26. h4 f6 {[%emt 0:00:30] [#]} (26... Rxc3 $11 {keeps the balance.} 27. Rxc3 Ne7) 27. Kg2 (27. Rxc7 $1 $16 Rxc7 28. Rb1) 27... Ne7 28. Ne1 (28. Rxc7 $14 Rxc7 29. Rb1) 28... Rc4 {[%emt 0:00:30][%cal Od6b4] ...Qb4! is the strong threat.} 29. Kf1 Rxc3 30. Rxc3 Rxc3 31. Qxc3 Bc8 32. Nd3 Bf5 33. Nf4 g5 34. hxg5 fxg5 {[%emt 0:00:30] And now ...Qh6 would win.} 35. Nd3 Ng6 {[%emt 0:00:30] Weighted Error Value: White=0.12 (very precise) /Black=0.15 (very precise)} 1/2-1/2

[Event "3rd elllobregat Open 2022"]
[Site "Baix Llobregat"]
[Date "2022.11.30"]
[Round "1.8"]
[White "Esplugas Esteve, Vicenc"]
[Black "Svane, Rasmus"]
[Result "1/2-1/2"]
[ECO "E20"]
[WhiteElo "2321"]
[BlackElo "2619"]
[Annotator "TA"]
[PlyCount "83"]
[EventDate "2022.11.30"]
[EventType "swiss"]
[EventCountry "ESP"]
[SourceTitle "playchess.com"]
[Source "ChessBase"]
[SourceQuality "1"]
[TimeControl "40/5400+30:1800+30"]

1. d4 Nf6 2. c4 e6 3. Nc3 Bb4 4. f3 c5 5. d5 b5 6. e4 {[%emt 0:00:10] E20: Nimzo-Indian: 4 g3 and 4 f3.} d6 $1 {[%emt 0:00:05][%mdl 4] outshines the older 6...bxc4.} 7. Bd2 Bxc3 8. Bxc3 {[%emt 0:00:08] The position is equal.} b4 9. Bd2 O-O 10. Be3 exd5 11. cxd5 Ne8 12. Ne2 f5 {[%emt 0:00:21] [#]} 13. exf5 $146 ({Predecessor:} 13. Nf4 fxe4 14. fxe4 Nd7 15. Be2 Ne5 16. O-O Qe7 17. a3 Rb8 18. Nd3 Rxf1+ 19. Qxf1 bxa3 20. bxa3 {½-½ (36) Schmidt,T (2432)-Ellis,L (2424) ICCF email 2020}) 13... Bxf5 14. Ng3 Nd7 15. Be2 Nc7 16. O-O Bg6 17. Qd2 ({Reject} 17. Ne4 Qe7 $15) 17... Nf6 18. Rad1 Qd7 19. Bc4 h6 20. Bf4 Rae8 21. Rfe1 Kh7 22. h4 Rxe1+ 23. Rxe1 Re8 {[%emt 0:00:17] Inhibits Re6.} 24. Rxe8 Ncxe8 25. Qe1 Bf7 26. Bd3+ {[%emt 0:08:43] A strong pair of Bishops.} (26. b3 $11) 26... Kh8 $15 27. Bf5 Qb7 28. Be6 Nxd5 29. Bxd5 (29. Qe4 $1 $15) 29... Qxd5 $17 30. Qe7 {[%emt 0:00:21] [#]} (30. Ne4 $17) 30... Qxa2 (30... Kg8 $1 $19 31. Ne4 Qd4+ 32. Kh2 Qxb2) 31. Ne4 Qc4 (31... Qe6 $15 32. Qxe6 Bxe6) 32. Nxd6 $11 Nxd6 33. Bxd6 {[%emt 0:00:11][%mdl 4096] Endgame Strongly threatening Be5. KQB-KQB} Qd4+ 34. Kh2 Qd5 35. Be5 {[%emt 0:01:52] [#] Threatening mate with Qf8+.} Kg8 {[%emt 0:00:14] Against Qf8+} 36. f4 a5 37. Qc7 {[%emt 0:00:41] aiming for Qc8+.} Qe4 38. Qxc5 Qf5 39. Qxa5 {[%emt 0:00:18] White is slightly better.} Qg4 40. Qd8+ Kh7 41. Qd3+ Bg6 42. Qg3 {[%emt 0:00:18] Weighted Error Value: White=0.11 (very precise) /Black=0.12 (very precise)} 1/2-1/2

[Event "3rd elllobregat Open 2022"]
[Site "Baix Llobregat"]
[Date "2022.11.30"]
[Round "1.9"]
[White "Tabatabaei, M. Amin"]
[Black "Peelen, Piet"]
[Result "1-0"]
[ECO "B12"]
[WhiteElo "2655"]
[BlackElo "2350"]
[Annotator "TA"]
[PlyCount "75"]
[EventDate "2022.11.30"]
[EventType "swiss"]
[EventCountry "ESP"]
[SourceTitle "playchess.com"]
[Source "ChessBase"]
[SourceQuality "1"]
[TimeControl "40/5400+30:1800+30"]

1. e4 c6 2. d4 d5 3. e5 Bf5 4. Nf3 e6 5. Be2 Nd7 6. O-O Ne7 7. c3 h6 8. a4 {[%emt 0:03:42] B12: Caro-Kann: Advance Variation.} a5 {[%emt 0:15:20] 8...Qc7 is a critical line.} 9. Na3 g5 10. Nc2 {[%emt 0:02:26] White is slightly better.} Bg7 11. Ne3 Bg6 12. b4 {[%emt 0:06:44] [#]} Nf5 $146 ({Predecessor:} 12... O-O 13. Ba3 f6 14. exf6 Bxf6 15. Ng4 Bg7 16. b5 Bh5 17. Nge5 Nxe5 18. Nxe5 Bxe2 19. Qxe2 {1-0 (48) Allahverdiyeva,A (2120)-Uzuner,T (1869) Chess.com INT 2022}) 13. Bd3 Nxe3 14. Bxe3 Bxd3 15. Qxd3 O-O 16. Rfb1 f6 {[%emt 0:06:40] [#]} (16... axb4 $11 17. Rxb4 b6) 17. exf6 $1 $16 {[%emt 0:01:43] White is more active.} Qxf6 18. bxa5 e5 {[%emt 0:04:37] ...e4 is the strong threat.} 19. dxe5 ({White should play} 19. Rxb7 {Threatens to win with dxe5.} e4 20. Qd1) 19... Nxe5 20. Nxe5 Qxe5 21. Bd4 ({Reject} 21. Rxb7 $6 Qxc3 22. Qxc3 Bxc3 $11) 21... Qe7 22. Qg6 Rxa5 23. h3 (23. f3 {simplifies} Qf7 24. Qxg7+ Qxg7 25. Bxg7 Kxg7 26. Rxb7+ Kg6 27. Rb6) 23... Qf7 24. Qxg7+ Qxg7 25. Bxg7 Kxg7 26. Rxb7+ Rf7 27. Rxf7+ Kxf7 $14 {[%emt 0:00:01][%mdl 4096] Endgame KR-KR} 28. Kf1 Ke6 29. Ke2 c5 (29... Ke5 $1 $14) 30. Kd3 (30. g4 $16) 30... Ke5 31. g3 h5 32. Ke3 g4 33. f4+ gxf3 34. Kxf3 d4 35. c4 Ra8 36. a5 {[%emt 0:00:17][%cal Ba4a5,Ba5a6][%mdl 32] [#] Black must now prevent a6.} Rf8+ $2 (36... Ra6 $16 {is a better chance.} 37. g4 hxg4+ 38. hxg4 Rf6+ 39. Ke2 Ra6) 37. Ke2 $18 {[%emt 0:00:23] Strongly threatening a6.} Kd6 38. a6 {[%emt 0:00:37] Weighted Error Value: White=0.11 (very precise) /Black=0.40} 1-0

[Event "3rd elllobregat Open 2022"]
[Site "Baix Llobregat"]
[Date "2022.11.30"]
[Round "1.9"]
[White "Safarli, Eltaj"]
[Black "Priyanka Nutakki"]
[Result "1-0"]
[ECO "C07"]
[WhiteElo "2616"]
[BlackElo "2320"]
[Annotator "TA"]
[PlyCount "63"]
[EventDate "2022.11.30"]
[EventType "swiss"]
[EventCountry "ESP"]
[SourceTitle "playchess.com"]
[Source "ChessBase"]
[SourceQuality "1"]
[TimeControl "40/5400+30:1800+30"]

1. e4 e6 2. d4 d5 3. Nd2 c5 4. exd5 Qxd5 5. Ngf3 cxd4 6. g3 {[%emt 0:00:33] C07: French Tarrasch: 3...c5, 4 Ngf3 and 4 exd5 Qxd5.} (6. Bc4 $5 Qd6 7. O-O $11) 6... Nc6 7. Bg2 Qb5 8. a4 {[%emt 0:00:11] The position is equal.} Qa6 9. Bf1 $1 {[%emt 0:00:07] [#]} Qb6 $146 ({Predecessor:} 9... Qa5 10. Bb5 Bd7 11. O-O a6 12. Nc4 Qd8 13. Bxc6 Bxc6 14. Nce5 Bxf3 15. Qxf3 Qc7 {0-1 (58) Orujov,F (2352)-Ozkan,T (2299) Nakhchivan 2022}) 10. Nc4 Qd8 11. Bg2 $1 Nf6 12. O-O Bc5 13. Qe2 O-O 14. Rd1 Qe7 15. Nce5 Nxe5 16. Nxe5 Rd8 17. a5 a6 18. Bg5 h6 19. Bxf6 Qxf6 20. Rd3 Qe7 21. Qh5 (21. c3 $5) 21... f6 22. Ng6 Qc7 23. Nf4 Bf8 (23... Ba7 $1 $15) 24. Rad1 (24. c3 $11) 24... g5 (24... Qxc2 25. Qg6 Qc5 26. Be4 $16) (24... Qc5 $15 25. Qxc5 Bxc5) 25. Ng6 $36 {[%emt 0:05:08][%mdl 2048] White is more active.} (25. Rxd4 $2 Rxd4 26. Rxd4 gxf4 $19) 25... Bc5 {[%emt 0:07:02] [#]} (25... Bg7 $11 {keeps the balance.}) 26. h4 $1 $16 {[%emt 0:04:02] Hoping for hxg5.} ({Don't play} 26. Qxh6 $6 Qg7 27. Qh5 Bd7 $15) 26... Kg7 $2 (26... Qg7 $14) 27. hxg5 $18 hxg5 {[%emt 0:00:34] Threatens to win with ...Qf7.} 28. b4 $2 ({White must play} 28. f4 $18 g4 29. Qxg4 (29. Nh4 Kg8 $18)) 28... Ba7 $14 {[%emt 0:00:51] ...Qf7 is the strong threat.} 29. Be4 {[%emt 0:01:21] White is much more active.} ({Better is} 29. f4 $14 Qf7 30. fxg5 (30. Be4 $2 f5 $19) 30... Qxg6 31. gxf6+ Kf7 32. Qh1) 29... f5 $2 {[%emt 0:02:12][%mdl 8192] [#]} (29... Qf7 $11 30. Qh1 f5) 30. Qxg5 $1 fxe4 (30... Kf7 31. Bf3) 31. Ne5+ Kf8 {[%emt 0:00:24] [#]} 32. Rc3 $3 {[%emt 0:01:28][%mdl 576] Pin.   Weighted Error Value: White=0.28 (precise) /Black=0.51} 1-0

[Event "3rd elllobregat Open 2022"]
[Site "Baix Llobregat"]
[Date "2022.11.30"]
[Round "1.10"]
[White "Cesar Maestre, Bernardo"]
[Black "Bluebaum, Matthias"]
[Result "0-1"]
[ECO "D45"]
[WhiteElo "2344"]
[BlackElo "2651"]
[Annotator "TA"]
[PlyCount "138"]
[EventDate "2022.11.30"]
[EventType "swiss"]
[EventCountry "ESP"]
[SourceTitle "playchess.com"]
[Source "ChessBase"]
[SourceQuality "1"]
[TimeControl "40/5400+30:1800+30"]

1. e4 c6 2. d4 d5 3. Nc3 dxe4 4. Nxe4 Nd7 5. Nf3 Ngf6 6. Ng3 e6 7. Be2 Be7 8. O-O O-O 9. c4 Qc7 10. b3 b6 11. Bb2 Bb7 12. Qc2 c5 13. Rad1 {[%emt 0:04:10][%cal Od4d5] D45: Semi-Slav: 5 e3.} Rfd8 (13... cxd4 $11 14. Nxd4 Rac8) 14. Rd2 {[%emt 0:04:59] [#]} (14. d5 $1 $16) 14... Nf8 $146 ({Predecessor:} 14... Rac8 15. Rfd1 {½-½ (16) Dobos,J (2273)-Dudas,E (2154) Hungary 2015}) 15. dxc5 {[%emt 0:12:02] The position is equal.} (15. Rfd1 $5 ) 15... Bxc5 (15... Qxc5 $11 16. Rfd1 Rxd2 17. Rxd2 Qc7) 16. Bxf6 $1 $16 gxf6 17. Nh5 $1 Be7 {[%emt 0:03:15] [#]} (17... Ng6 $142) 18. Rxd8 $2 ({Only move:} 18. Qc1 $1 $16 {And now Rxd8 would win.} f5 19. Rxd8 Bxd8 20. Rd1) 18... Rxd8 $11 19. Qc3 Nd7 (19... Bxf3 {simplifies} 20. Bxf3 Qe5 21. Qxe5 fxe5 22. Rd1 Rxd1+ 23. Bxd1 f5) 20. Rd1 Qc5 21. Ng3 Ne5 (21... Qa5 {simplifies} 22. Qb2 Bxf3 23. Bxf3 Ne5) 22. Rxd8+ Bxd8 23. Nxe5 Qxe5 24. Qd2 Bc7 25. Qd7 {[%emt 0:00:00] Against Bc6. Strongly threatening Qe8+.} Qd6 $40 {[%emt 0:00:00][%mdl 128] Black mounts an attack.} 26. Qe8+ Qf8 27. Qd7 Qd8 28. Qa4 Bb8 29. Qb5 a6 (29... Bd6 {is interesting.} 30. Qh5 Be5 31. Bf3 Bxf3 32. Qxf3 Qd2) 30. Qa4 (30. Qh5 {seems wilder.} Qd4 31. Bf3 Bc8 32. Be4) 30... f5 31. Bf3 Bxf3 32. gxf3 $15 {[%emt 0:00:00][%mdl 4096] Endgame KQB-KQN} a5 33. Qa3 (33. Kg2 $15) 33... h5 (33... h6 $17 34. Qb2 Bc7) 34. Qc1 $1 h4 35. Nf1 Kh7 36. h3 $1 Bd6 37. Qd2 Qe7 38. Qe3 (38. f4 $11 {is superior.}) 38... Bc5 $17 39. Qf4 Qf6 40. Qd2 Kg6 ({Better is} 40... Qg6+ $17 41. Kh2 Qg8) 41. Qe2 (41. f4 $1 $11 {keeps the balance.}) 41... Qc3 ({Black should try} 41... Qd4 42. Kg2 Qf4) 42. Kg2 Kf6 43. Qd1 (43. f4 $142) 43... Ke7 44. Qd2 (44. Qe2 $17) 44... Qg7+ 45. Kh1 Qd4 46. Kg2 {[%emt 0:00:00] [#]} Kd6 (46... Qxd2 $1 $19 47. Nxd2 Bb4) 47. Qc2 Kc6 48. Qe2 Qg7+ 49. Kh1 Qc3 50. Kg2 Bd6 51. c5 Bxc5 52. Qa6 $2 (52. Kg1 {was worth a try.}) 52... Qg7+ 53. Kh1 Qh8 {[%emt 0:01:23] Inhibits Qc8+. Active counter play!} 54. Ne3 $2 (54. Qe2) 54... Bxe3 $19 55. fxe3 {[%emt 0:00:36] KQ-KQ} Qa1+ 56. Kg2 Qxa2+ 57. Kg1 Qb1+ 58. Kf2 Qc2+ 59. Kf1 Qd1+ (59... Qxb3 $142 60. Qc8+ Kb5 61. Qd7+ Kb4 62. Qd2+ Qc3 63. Qd6+ Kb5 64. Qd7+ Qc6) 60. Kf2 Qc2+ (60... Qd2+ $142 61. Kf1 Qxe3 62. Qc4+ Qc5 63. Qxh4 Qb5+ 64. Ke1 Qxb3) 61. Kf1 $1 {[%emt 0:00:00] aiming for Qc8+.} Qxb3 62. Qc8+ Kb5 63. Qd7+ Kb4 64. Qd6+ Kc3 65. Qd4+ Kc2 {[%emt 0:00:01] ( -> ...Qd3+)} 66. Qxh4 a4 {[%emt 0:01:21] Black mates.} 67. Qf2+ Kc1 68. h4 Qd1+ 69. Kg2 Qc2 {[%emt 0:00:11] Weighted Error Value: White=0.56/Black=0.57} 0-1